 Dungeon Crawl Stone Soup version 0.23-a0-344-ge122d05 (webtiles) character file.

17 Amnesiac the Digger (level 2, 0/11 HPs)
             Began as a Felid Earth Elementalist on Oct 19, 2018.
             Slain by a hobgoblin (5 damage)
             ... on level 3 of the Dungeon.
             The game lasted 00:03:09 (990 turns).

Amnesiac the Digger (Felid Earth Elementalist)       Turns: 990, Time: 00:03:10

Health: 0/11       AC:  1    Str:  4    XL:     2   Next: 44%
Magic:  6/6        EV: 18    Int: 16    God:
Gold:   66         SH:  0    Dex: 16    Spells: 2/5 levels left
                                        Lives:  0   Deaths: 0

rFire    . . .     SeeInvis +   (weapon unavailable)
rCold    . . .     Gourm    .   (shield unavailable)
rNeg     . . .     Faith    .   (armour unavailable)
rPois    .         Spirit   .   (helmet unavailable)
rElec    .         Reflect  .   (cloak unavailable)
rCorr    .         Harm     .   (gloves unavailable)
MR       .....                  (boots unavailable)
Stlth    +++.......             k - amulet of rage
HPRegen  0.03/turn              (no ring)
MPRegen  0.10/turn              (no ring)

@: quick
A: very small, no armour, no weapons or thrown items, stealth, claws 1, fangs 3,
see invisible, carnivore, speed 1, shaggy fur 1, slow metabolism 1, sharp paws
a: Evoke Berserk Rage


You were on level 3 of the Dungeon.
You were full.

You visited 1 branch of the dungeon, and saw 3 of its levels.

You collected 66 gold pieces.

Inventory:

Missiles
 b - 69 stones
Jewellery
 k - an amulet of rage (around neck)
Scrolls
 a - 2 scrolls of immolation {!r, unknown}
 d - 2 scrolls of remove curse {!r, unknown}
 e - 2 scrolls of identify {!r, unknown}
 h - 3 scrolls of random uselessness {!r, unknown}
 j - 2 scrolls of teleportation {!r, unknown}
Potions
 f - a potion of agility {!q, unknown}
 g - a potion of might {!q, unknown}
 i - 2 potions of haste {!q, unknown}
Comestibles
 c - 2 rations


   Skills:
 - Level 2.6 Dodging
 - Level 3.0 Stealth
 + Level 2.2 Spellcasting
 - Level 1.1 Transmutations
 * Level 3.2 Earth Magic


You had 2 spell levels left.
You knew the following spells:

 Your Spells              Type           Power        Failure   Level  Hunger
a - Sandblast             Erth           ##....       5%          1    #......
b - Passwall              Tmut/Erth      #.......     13%         2    ###....

Your spell library contained the following spells:

 Spells                   Type           Power        Failure   Level  Hunger
 Stone Arrow              Conj/Erth      #.....       30%         3    ###....
 Petrify                  Tmut/Erth      #.......     63%         4    #####..
 Lee's Rapid Deconstruct  Erth           ##........   83%         5    ######.


Dungeon Overview and Level Annotations

Branches:
Dungeon (3/15)

Altars:

Annotations:
D:3 exclusions: orc wizard and 1 more exclusion


Innate Abilities, Weirdness & Mutations

You cannot wear armour.
You are incapable of wielding weapons or throwing items.
Your paws allow you to move quietly. (Stealth)
You have sharp claws.
You have razor-sharp teeth.
You have supernaturally acute eyesight. (SInv)
You are carnivorous and can eat meat at any time.
You cover ground quickly.
You are covered in fur. (AC +1)
You have a slow metabolism.
Your sharp claws are effective at attacking unaware monsters.


Message History

A goblin comes into view.
The helpless rat fails to defend itself.
You claw the rat!
You kill the rat!
A bat comes into view.
You closely miss the goblin. The goblin completely misses you.
You closely miss the goblin. The goblin barely misses you.
You barely miss the goblin. The goblin closely misses you.
You scratch the goblin.
You kill the goblin!
A gnoll comes into view.
It is wielding a +0 spear. 2 gnolls come into view.
Found a scroll labeled JASIGR ARHEDI.
A ball python comes into view.
The ball python hisses angrily.
You barely miss the ball python. The ball python misses you.
The ball python grabs you. The ball python constricts you.
You scratch the ball python.
The ball python is severely wounded.
The ball python bites you. The ball python constricts you.
You scratch the ball python.
You kill the ball python!
Found a stone staircase leading down.
Found a scroll labeled EMAAVV ECHAR.
You start resting.
HP restored.
d - 2 scrolls labeled EMAAVV ECHAR {!r} (gained 1)
There is a stone staircase leading down here.
You climb downwards.
There is a stone staircase leading up here.
Found a mace. 2 orcs and an orc wizard come into view.
You see here a mace.
A hobgoblin comes into view.
A hobgoblin is nearby!
Found a stone staircase leading down.
You scratch the hobgoblin but do no damage.
You bite the hobgoblin, but do no damage.
The hobgoblin hits you but does no damage.
You closely miss the hobgoblin. The hobgoblin misses you.
You scratch the hobgoblin.
You bite the hobgoblin, but do no damage.
The hobgoblin is severely wounded.
The hobgoblin hits you.
You barely miss the hobgoblin.
The hobgoblin is severely wounded.
The hobgoblin misses you.
You scratch the hobgoblin but do no damage.
The hobgoblin is severely wounded.
The hobgoblin misses you.
You closely miss the hobgoblin.
The hobgoblin is severely wounded.
The hobgoblin hits you but does no damage.
You scratch the hobgoblin.
The hobgoblin is almost dead.
The hobgoblin hits you.
* * * LOW HITPOINT WARNING * * *
You barely miss the hobgoblin.
The hobgoblin is almost dead.
The hobgoblin misses you.
You scratch the hobgoblin but do no damage.
The hobgoblin is almost dead.
The hobgoblin hits you.
You die...

#. #. #. #. #.
#####.#########
.#.............#
......g@.......#
.>.............#
.#.............#
#.............#
#.........)...#########
#####.#................
#.#.###############
#.#.# # #.#.# #


You could see a hobgoblin.

Vanquished Creatures
  A leopard gecko (D:1)
  2 bats
  A giant cockroach (D:2)
  2 goblins
  2 hobgoblins (D:2)
  A ball python (D:2)
  A frilled lizard (D:1)
  2 kobolds (D:2)
  4 rats
16 creatures vanquished.

Notes
Turn   | Place    | Note
-------+----------+-------------------------------------------
     0 | D:1      | Amnesiac the Felid Earth Elementalist began the quest for
                  | the Orb.
     0 | D:1      | Reached XP level 1. HP: 7/7 MP: 4/4
   572 | D:2      | Reached XP level 2. HP: 6/11 MP: 4/6
   577 | D:2      | Learned a level 2 spell: Passwall
   990 | D:3      | Slain by a hobgoblin

Vault maps used:
D:1:      minmay_arrival_plants_in_alcoves, eino_curves_04, amethyst_killhole,
          hangedman_glass_teeth
D:2:      first_ration, kennysheep_generic_room_10
D:3:      wad_pebble_path

Skill      XL: |  1 |
---------------+----+-----
Stealth        | 3 |  3.0
Earth Magic    | 3 |  3.2
Dodging        | |  2.6
Spellcasting   | |  2.2
Transmutations | |  1.1

Action                   || total
-------------------------++-------
Melee: Unarmed           ||    62
       Bite              ||     6
 Cast: Sandblast         ||    13
 Stab: Sleeping          ||     3
  Eat: Chunk             ||     4
Armor: Skin              ||     9
Dodge: Dodged            ||    58

Table legend:
 A = Non-vault XP
 B = Vault XP
 C = Vault XP percentage of total XP
 D = Non-vault monster count
 E = Vault monster count
 F = Vault count percentage of total count
                 A         B        C        D         E       F
            +---------+---------+-------+---------+---------+-------
      Total |      25 |       0 |   0.0 |      16 |       0 |   0.0
            +---------+---------+-------+---------+---------+-------
        D:1 |      10 |       0 |   0.0 |       6 |       0 |   0.0
        D:2 |      15 |       0 |   0.0 |      10 |       0 |   0.0
            +---------+---------+-------+---------+---------+-------
